 Dungeon Crawl Stone Soup version 0.24-a0-93-ge1bfdf8443 (webtiles) character file.

Game seed: 7609580539333311052

292586 xoxolimbo the Metallomancer (level 20, -15/183 HPs)
             Began as a Deep Dwarf Earth Elementalist on Feb 11, 2019.
             Was the Champion of Makhleb.
             Killed from afar by a tengu reaver (46 damage)
             ... with a bolt of lightning
             ... on level 4 of the Vaults.
             The game lasted 02:30:53 (47968 turns).

xoxolimbo the Metallomancer (DDEE)                 Turns: 47968, Time: 02:30:53

Health: -15/183    AC: 14    Str: 19    XL:     20   Next: 33%
Magic:  10/56 (38) EV: 12    Int: 30    God:    Makhleb [******]
Gold:   3238       SH:  8    Dex: 13    Spells: 10/47 levels left

rFire    . . .     SeeInvis +   Q - staff of energy
rCold    . . .     Gourm    .   w - +3 buckler {AC+3}
rNeg     + . .     Faith    .   u - +0 ring mail of Integrity {MP+9}
rPois    .         Spirit   .   V - +0 hat {MR+}
rElec    .         Reflect  .   n - scarf {cloud immunity}
rCorr    .         Harm     .   h - +0 pair of gloves
MR       ++++.                  W - +0 pair of boots "Fallyu" {Str+3 Int+3 SInv Stlth-}
Stlth    ..........             z - amulet of magic regeneration
HPRegen  0.00/turn              H - ring of Coronation {Wiz Int+2 Slay+2}
MPRegen  0.60/turn              k - ring of magical power

@: very slightly contaminated, non-regenerating, studying Throwing
A: damage resistance, heal wounds, clever 1, negative energy resistance 1, sense
surroundings 3, strong 1, no regeneration
}: 1/15 runes: serpentine
a: Heal Wounds, Minor Destruction, Lesser Servant of Makhleb, Major Destruction,
Greater Servant of Makhleb, Renounce Religion


You were on level 4 of the Vaults.
You worshipped Makhleb.
Makhleb was exalted by your worship.
You were not hungry.

You visited 6 branches of the dungeon, and saw 33 of its levels.
You visited 1 bazaar.
You also visited: Ossuary, Bailey, Gauntlet and Volcano.

You collected 4018 gold pieces.
You spent 780 gold pieces at shops.

Inventory:

Hand Weapons
 t - a +5 blowgun
Missiles
 o - 324 stones (quivered)
 R - 11 curare-tipped needles
Armour
 h - a +0 pair of gloves (worn)
 n - a scarf of cloud immunity (worn)
 r - the +1 plate armour of the Accordion {+Fly, unknown}
   (You acquired it on level 4 of the Vaults)

   It lets you fly.
 u - the +0 ring mail of Integrity (worn) {MP+9}
   (You found it on level 4 of the Dungeon)

   It affects your magic capacity (+9).
 w - a +3 buckler of protection (worn)
 V - a +0 hat of magic resistance (worn)
 W - the +0 pair of boots "Fallyu" (worn) {Str+3 Int+3 SInv Stlth-}
   (You found it in a Gauntlet)

   It affects your strength (+3).
   It affects your intelligence (+3).
   It lets you see invisible.
   It makes you less stealthy.
Magical Staves
 Q - an uncursed staff of energy (weapon)
Jewellery
 k - a ring of magical power (right hand)
 z - an amulet of magic regeneration (around neck)
 H - the ring of Coronation (left hand) {Wiz Int+2 Slay+2}
   (You found it on level 14 of the Dungeon)

   [ring of wizardry]

   It improves your spell success rate.
   It affects your intelligence (+2).
   It affects your accuracy and damage with ranged weapons and melee attacks
   (+2).
Wands
 e - a wand of digging (6)
 A - a wand of iceblast (9)
Scrolls
 g - 12 scrolls of teleportation
 m - 5 scrolls of amnesia
 p - 5 scrolls of identify
 q - 2 scrolls of magic mapping
 s - a scroll of fog
 v - 10 scrolls of remove curse
 y - 3 scrolls of fear
 D - 2 scrolls of brand weapon
 E - a scroll of blinking
 G - a scroll of enchant weapon
 J - a scroll of enchant armour
 U - a scroll of summoning
Potions
 a - 6 potions of haste
 b - a potion of agility
 c - 3 potions of might
 i - 9 potions of flight
 l - a potion of resistance
 x - a potion of mutation
 C - a potion of cancellation
 F - 3 potions of brilliance
 I - 9 potions of heal wounds
 L - 12 potions of curing
 M - 4 potions of magic
 T - a potion of invisibility
 Y - 2 potions of ambrosia
Books
 f - a manual of Throwing
Miscellaneous
 j - a lightning rod (4/4)
Comestibles
 d - 39 rations
 B - 2 chunks of flesh


   Skills:
 - Level 12.2 Fighting
 - Level 13.9 Armour
 - Level 2.1 Dodging
 - Level 2.4 Stealth
 - Level 4.3 Shields
 + Level 14.1 Spellcasting
 - Level 12.0 Conjurations
 - Level 0.8 Transmutations
 + Level 5.9 Air Magic
 * Level 26.6 Earth Magic
 - Level 8.2 Evocations


You had 10 spell levels left.
You knew the following spells:

 Your Spells              Type           Power        Failure   Level  Hunger
a - Iron Shot             Conj/Erth      #######...   1%          6    None
b - Sandblast             Erth           ######       0%          1    None
c - Stone Arrow           Conj/Erth      ######       0%          3    None
d - Lee's Rapid Deconstr  Erth           ########..   0%          5    None
e - Petrify               Tmut/Erth      #######.     1%          4    None
f - Shatter               Erth           ########..   2%          9    None
r - Tornado               Air            ######....   100%        9    None

Your spell library contained the following spells:

 Spells                   Type           Power        Failure   Level  Hunger
 Passwall                 Tmut/Erth      #######.     0%          2    None
 Animate Skeleton         Necr           N/A          1%          1    None
 Apportation              Tloc           ###...       1%          1    None
 Confusing Touch          Hex            ###...       1%          1    None
 Infusion                 Chrm           ###.         1%          1    None
 Magic Dart               Conj           ####         1%          1    None
 Shock                    Conj/Air       ####         1%          1    None
 Summon Small Mammal      Summ           ###.         1%          1    None
 Blink                    Tloc           N/A          1%          2    None
 Call Imp                 Summ           ###.....     1%          2    None
 Searing Ray              Conj           ######       1%          2    None
 Shroud of Golubria       Chrm/Tloc      ###.......   1%          2    None
 Slow                     Hex            ###.....     1%          2    None
 Song of Slaying          Chrm           ###.....     1%          2    None
 Sticks to Snakes         Tmut           ####....     1%          2    None
 Swiftness                Chrm/Air       #####...     1%          2    None
 Conjure Flame            Conj/Fire      ######..     1%          3    None
 Dazzling Spray           Conj/Hex       ######       1%          3    None
 Mephitic Cloud           Conj/Pois/Air  ######..     1%          3    None
 Static Discharge         Conj/Air       ######..     1%          3    None
 Airstrike                Air            ######....   1%          4    None
 Force Lance              Conj/Tloc      ######..     1%          4    None
 Fulminant Prism          Conj/Hex       ######....   1%          4    None
 Iskenderun's Mystic Bla  Conj           #######.     1%          4    None
 Leda's Liquefaction      Hex/Erth       #######...   1%          4    None
 Bolt of Magma            Conj/Fire/Erth #######...   1%          5    None
 Lightning Bolt           Conj/Air       ######....   1%          5    None
 Statue Form              Tmut/Erth      #######..    1%          6    None
 Irradiate                Conj/Tmut      ######....   2%          5    None
 Confuse                  Hex            ###.....     4%          3    None
 Gell's Gravitas          Tloc           ###.......   4%          3    None
 Recall                   Summ/Tloc      N/A          4%          3    None
 Spectral Weapon          Hex/Chrm       ###.....     4%          3    None
 Summon Lightning Spire   Summ/Air       #####...     4%          4    None
 Conjure Ball Lightning   Conj/Air       ######....   5%          6    None
 Silence                  Hex/Air        #####.....   11%         5    None
 Ice Form                 Ice/Tmut       ###.....     12%         4    None
 Passage of Golubria      Tloc           N/A          13%         4    None
 Bolt of Cold             Conj/Ice       ######....   17%         6    None
 Freezing Cloud           Conj/Ice/Air   ######....   17%         6    None
 Yara's Violent Unravell  Hex/Tmut       ###.......   30%         5    None
 Aura of Abjuration       Summ           ###.......   34%         5    None
 Metabolic Englaciation   Hex/Ice        ###.......   34%         5    None
 Summon Demon             Summ           ###.......   34%         5    None
 Summon Forest            Summ/Tloc      ###.......   34%         5    None
 Summon Mana Viper        Hex/Summ       ###.....     34%         5    None
 Deflect Missiles         Chrm/Air       #####.....   50%         6    None
 Ozocubu's Refrigeration  Ice            ###.......   87%         6    None
 Shadow Creatures         Summ           N/A          87%         6    None
 Simulacrum               Ice/Necr       ###.......   87%         6    None
 Regeneration             Chrm/Necr      Unusable     N/A         3    N/A

Dungeon Overview and Level Annotations

Branches:
Dungeon (15/15)            Temple (1/1) D:7            Lair (6/6) D:11
  Swamp (0/4) Lair:4        Snake (4/4) Lair:2        Slime (0/5) Lair:6
    Orc (2/2) D:9             Elf (0/3) Orc:2        Vaults (5/5) D:13
  Crypt (0/3) Vaults:3     Depths (0/5) D:15

Altars:
Ashenzari
Cheibriados
Dithmenos
Elyvilon
Fedhas
Gozag
Hepliaklqana
Kikubaaqudgha
Makhleb
Nemelex Xobeh
Okawaru
Qazlal
Ru
Sif Muna
Trog
Uskayaw
Vehumet
Wu Jian
Xom
Yredelemnul
Zin
The Shining One
Beogh

Shops:
D:9 (   D:11 }   D:13 (   D:15 =   Orc:2 %([(*   Vaults:2 [(

Annotations:
D:6 1 runed translucent door, brucemayne's ghost, amateur HOMo
D:14 2 runed translucent doors
Vaults:1 3 runed translucent doors, exclusion: obsidian statue, MirrMurr's ghost, adept OgBe
Vaults:2 1 runed translucent door, Uler's ghost, veteran HuAr


Innate Abilities, Weirdness & Mutations

You are resistant to damage.
You can heal yourself by infusing magical energy.
You resist negative energy. (rN+)
You passively map a large area around you.
You do not regenerate.
Your mind is acute. (Int +2)
Your muscles are strong. (Str +2)


Message History

The dungeon rumbles!
The ice dragon is almost dead.
The tengu reaver is heavily wounded.
Ka-crash!
The ice dragon misses you. x2; You block the ice dragon's attack.
The tengu reaver points at you and mumbles some strange words.
The bolt of lightning hits you!!
* * * LOW HITPOINT WARNING * * *
Casting: Shatter (slightly dangerous; 2% risk of failure)
Confirm with . or Enter, or press ? or * to list all spells.
Aiming: Iron Shot (safe; 1% risk of failure)
Press: ? - help, Shift-Dir - straight line, f - ice dragon
Aim: an ice dragon (almost dead, catching its breath)
The iron shot hits the ice dragon!!
You kill the ice dragon!
Makhleb accepts your kill.
You feel better.
The tengu reaver gestures at you while chanting.
The bolt of lightning hits you!!!
You die...

##....####
#.........
##'#..#..##
#.........
#...#.....#
#.........
#...###..###
#.........
######.#)#.#
#......... #...[..#
#.........
#......############
#........#
#.@.)...# ###
#..Q...## #..
#........# #.#
##......## #.#
*#........* #.#
.......### #.#
#......# #.#
#......# #.#
#......# #.#


You could see a tengu reaver.

Vanquished Creatures
  Vashnia (Snake:4)
  A titan (Vaults:5)
  3 tentacled monstrosities
  Asterion (Vaults:3)
  A sphinx (Vaults:1)
  Gastronok (Lair:2)
  A shadow dragon (Vaults:4)
  A tengu reaver (Vaults:4)
  A storm dragon (Vaults:4)
  13 nagarajas
  2 fire giants
  2 orc warlords (Orc:1)
  5 frost giants
  6 vault wardens
  6 ironheart preservers
  2 very ugly things
  2 entropy weavers
  5 stone giants
  A minotaur (Gauntlet)
  5 ettins
  2 blizzard demons (Gauntlet)
  Snorg (Lair:4)
  13 ogre magi
  A great orb of eyes (Vaults:1)
  11 yaktaur captains
  3 fire dragons
  A rakshasa (D:15)
  2 ice dragons (Vaults:4)
  7 naga warriors
  27 vault guards
  4 hydras
  9 anacondas
  5 centaur warriors
  2 dancing weapons (D:13)
  3 catoblepae
  53 two-headed ogres
  A deep troll shaman (Lair:6)
  A tengu warrior (D:14)
  A queen ant (Lair:3)
  5 death yaks (Lair:6)
  18 naga sharpshooters
  An orc high priest (Orc:1)
  A sun demon (Volcano)
  2 deep elf knights (Vaults:4)
  9 shock serpents
  3 skeletal warriors
  6 salamander mystics
  3 deep trolls (Vaults:1)
  A hell knight (Volcano)
  7 unseen horrors
  7 naga ritualists
  11 sea snakes
  Pikel (D:5)
  A wizard (Vaults:3)
  A death drake (shapeshifter) (Vaults:4)
  2 deep elf archers
  2 glowing orange brains
  3 deep elf magi
  9 harpies
  3 phantasmal warriors
  15 orc knights
  A lindwurm (Lair:6)
  8 ironbrand convokers
  11 mana vipers
  5 wolf spiders
  4 oklob plants (Lair:2)
  10 salamanders
  A salamander (shapeshifter) (Vaults:3)
  21 ugly things
  5 cyclopes
  22 black mambas
  2 manticores
  15 elephants
  3 guardian serpents (Snake:4)
  A molten gargoyle (D:13)
  12 naga magi
  2 gargoyles
  2 spiny frogs (shapeshifter)
  7 centaur skeletons
  15 vault sentinels
  11 spiny frogs
  2 rime drakes
  An efreet (D:15)
  An ice devil (Gauntlet)
  A yaktaur (shapeshifter) (D:15)
  20 yaktaurs
  A kobold demonologist (D:14)
  A rime drake (shapeshifter) (D:15)
  2 komodo dragons
  4 freezing wraiths
  2 polar bears (Lair:6)
  A merfolk (shapeshifter) (Vaults:5)
  3 meliai (D:15)
  7 trolls
  6 slime creatures
  8 hornets
  A jumping spider (shapeshifter) (D:15)
  19 blink frogs
  2 bog bodies (Lair:4)
  12 hippogriffs
  A stone giant simulacrum (Vaults:5)
  A vampire (D:15)
  A shadow (D:15)
  4 wyverns
  A redback (Vaults:4)
  A tarantella (shapeshifter) (Vaults:4)
  Sigmund (D:5)
  A redback (shapeshifter) (Vaults:1)
  38 yaks
  A wraith (Vaults:1)
  A hog (shapeshifter) (D:15)
  5 basilisks
  7 fire bats (Volcano)
  A wyvern (shapeshifter) (D:15)
  A yak (shapeshifter) (Vaults:2)
  Edmund (D:5)
  3 wargs
  66 nagas
  4 hungry ghosts
  4 swamp worms (Lair:4)
  3 hell hounds (Volcano)
  3 acid dragons
  21 soldier ants
  22 water moccasins
  2 slaves (D:4)
  A black bear (Lair:6)
  2 phantoms
  3 ice beasts
  56 orc warriors
  4 sky beasts
  6 necrophages
  4 boggarts (Vaults:1)
  11 wolves
  59 ogres
  5 centaurs
  5 big kobolds
  11 crocodiles
  2 elf zombies (Ossuary)
  Blork the orc (D:5)
  16 bullfrogs
  3 wyvern zombies
  2 wyvern skeletons
  2 scorpions
  9 wights
  3 electric eels
  2 howler monkeys
  6 lava snakes (Volcano)
  8 crimson imps
  8 centaur zombies
  10 hounds
  2 quasits
  6 jellies
  A bullfrog skeleton (D:5)
  2 human zombies
  15 orc priests
  21 orc wizards
  4 iguanas
  32 worker ants
  2 big kobold zombies (Ossuary)
  A hound zombie (D:7)
  A hound skeleton (D:5)
  2 mummies (Ossuary)
  A worker ant zombie (D:10)
  16 adders
  17 gnolls
  9 shadow imps
  8 oozes
  5 adder zombies
  An adder skeleton (D:8)
  2 worms
  2 dart slugs (D:1)
  3 leopard geckos
  94 orcs
  14 bats
  7 giant cockroaches
  8 goblins
  22 hobgoblins
  15 jackals
  31 kobolds
  5 quokkas
  2 ball pythons
  4 frilled lizards
  A gnoll zombie (Ossuary)
  2 goblin zombies
  A hobgoblin zombie (Ossuary)
  A jackal skeleton (D:4)
  A jackal zombie (D:8)
  A leopard gecko skeleton (D:8)
  A leopard gecko zombie (D:6)
  5 orc zombies (Ossuary)
  A quokka zombie (D:8)
  12 rats
  2 fungi (Lair:1)
  3 plants
1389 creatures vanquished.

Vanquished Creatures (others)
  A black mamba (Snake:1)
  A kobold (D:11)
  22 fungi
  16 plants
  6 toadstools (D:4)
46 creatures vanquished.

Grand Total: 1435 creatures vanquished

Notes
Turn   | Place    | Note
-------+----------+-------------------------------------------
     0 | D:1      | xoxolimbo the Deep Dwarf Earth Elementalist began the quest
                  | for the Orb.
     0 | D:1      | Reached XP level 1. HP: 15/15 MP: 3/3
   143 | D:1      | Reached XP level 2. HP: 22/22 MP: 1/5
   490 | D:1      | Reached skill level 5 in Earth Magic
   748 | D:1      | Reached XP level 3. HP: 28/28 MP: 2/6
   753 | D:1      | Learned a level 3 spell: Stone Arrow
  1398 | D:2      | Reached XP level 4. HP: 36/36 MP: 5/7
  1749 | D:3      | Reached skill level 6 in Earth Magic
  2326 | D:3      | Reached XP level 5. HP: 34/43 MP: 6/9
  2771 | D:3      | Reached skill level 1 in Armour
  2777 | D:3      | Reached skill level 1 in Fighting
  2777 | D:3      | Reached skill level 1 in Conjurations
  2816 | D:3      | Reached skill level 7 in Earth Magic
  2816 | D:3      | Reached XP level 6. HP: 28/51 MP: 2/10
  2835 | D:3      | Learned a level 5 spell: Lee's Rapid Deconstruction
  3328 | D:4      | Reached XP level 7. HP: 18/58 MP: 4/11
  3670 | D:4      | Reached skill level 8 in Earth Magic
  3888 | D:4      | Got a smoking ring mail
  3901 | D:4      | Identified the +0 ring mail of Integrity {MP+9} (You found
                  | it on level 4 of the Dungeon)
  3988 | D:5      | Entered Level 5 of the Dungeon
  4116 | D:5      | Noticed Blork the orc
  4122 | D:5      | Killed Blork the orc
  4330 | D:5      | Noticed Sigmund
  4336 | D:5      | Killed Sigmund
  4336 | D:5      | Reached XP level 8. HP: 21/68 MP: 13/13
  4365 | D:5      | Learned a level 4 spell: Petrify
  4434 | D:5      | Reached skill level 9 in Earth Magic
  4633 | D:5      | Found an iron altar of Okawaru.
  4693 | D:5      | Noticed Edmund
  4703 | D:5      | Killed Edmund
  4906 | D:5      | Noticed Pikel
  5151 | D:5      | Killed Pikel
  5151 | D:5      | Reached skill level 10 in Earth Magic
  5461 | D:6      | Gained mutation: You passively map the area around you.
                  | [Deep Dwarf growth]
  5461 | D:6      | Reached XP level 9. HP: 31/78 MP: 15/15
  6124 | D:6      | Reached skill level 5 in Armour
  6252 | D:6      | Found a runed translucent door.
  6273 | D:6      | Noticed brucemayne's ghost (amateur HOMo)
  6407 | D:7      | Found a flagged portal.
  6428 | Bailey   | Entered a bailey
  6541 | Bailey   | Reached skill level 11 in Earth Magic
  6757 | Bailey   | Noticed an orc knight
  6915 | Bailey   | Killed an orc knight
  6915 | Bailey   | Reached skill level 5 in Spellcasting
  7318 | D:7      | Found a staircase to the Ecumenical Temple.
  7330 | Temple   | Entered the Ecumenical Temple
  7587 | Temple   | Became a worshipper of Makhleb the Destroyer
  8320 | D:8      | Found a sand-covered staircase.
  8343 | Ossuary  | Entered an ossuary
  8472 | Ossuary  | Reached * piety under Makhleb
  8842 | Ossuary  | Reached skill level 5 in Conjurations
  9130 | D:8      | Reached XP level 10. HP: 38/87 MP: 18/18
  9246 | D:8      | Reached skill level 12 in Earth Magic
  9293 | D:8      | Reached skill level 5 in Fighting
  9587 | D:8      | Reached ** piety under Makhleb
 10487 | D:9      | Found Ateust's Weapon Shop.
 10499 | D:9      | Found a staircase to the Orcish Mines.
 10874 | D:9      | Noticed a two-headed ogre
 10878 | D:9      | Killed a two-headed ogre
 10878 | D:9      | Reached skill level 13 in Earth Magic
 11171 | D:10     | Entered Level 10 of the Dungeon
 11258 | D:10     | Reached skill level 16 in Earth Magic
 11258 | D:10     | Reached XP level 11. HP: 73/97 MP: 20/20
 11758 | D:10     | Reached *** piety under Makhleb
 12047 | D:10     | Got an ichor-stained robe
 12545 | D:10     | Identified a scroll of acquirement
 12710 | D:11     | Killed an unseen horror
 12710 | D:11     | Reached XP level 12. HP: 82/105 MP: 9/21
 12890 | D:11     | Found a staircase to the Lair.
 12932 | D:11     | Reached skill level 1 in Shields
 13634 | D:11     | Found Imakicux's Gadget Shoppe.
 13928 | D:11     | Found a deep blue altar of Sif Muna.
 13977 | Lair:1   | Entered Level 1 of the Lair of Beasts
 14063 | Lair:1   | Noticed a four-headed hydra
 14072 | Lair:1   | Killed a four-headed hydra
 14072 | Lair:1   | Reached skill level 17 in Earth Magic
 14560 | Lair:1   | Noticed a six-headed hydra
 14564 | Lair:1   | Killed a six-headed hydra
 15101 | Lair:2   | Noticed Gastronok
 15325 | Lair:2   | Reached **** piety under Makhleb
 15682 | Lair:2   | Killed Gastronok
 16031 | Lair:2   | Found a staircase to the Snake Pit.
 16084 | Lair:2   | Reached XP level 13. HP: 101/115 MP: 23/24
 16205 | Lair:2   | Got a sapphire hunting sling
 16225 | Lair:2   | Got a heavily runed chain mail
 16740 | Lair:2   | Identified the +5 hunting sling of the Bear {velocity, rN+
                  | Stlth+} (You found it on level 2 of the Lair of Beasts)
 16985 | Lair:3   | Reached skill level 18 in Earth Magic
 17545 | Lair:3   | Reached ***** piety under Makhleb
 17874 | Lair:4   | Noticed Snorg
 18385 | Lair:4   | Killed Snorg
 19115 | Lair:4   | Found a staircase to the Swamp.
 20447 | Lair:6   | Entered Level 6 of the Lair of Beasts
 20562 | Lair:6   | Gained mutation: You resist negative energy. (rN+) [Deep
                  | Dwarf growth]
 20562 | Lair:6   | Reached XP level 14. HP: 75/126 MP: 6/27
 20642 | Lair:6   | Found a dark tunnel.
 20654 | Volcano  | Entered a volcano
 20943 | Volcano  | Reached skill level 19 in Earth Magic
 21056 | Volcano  | Learned a level 9 spell: Shatter
 21060 | Volcano  | Found a radiant altar of Vehumet.
 21143 | Volcano  | Found a burning altar of Makhleb.
 21400 | Lair:6   | Reached ****** piety under Makhleb
 21511 | Lair:6   | Reached skill level 10 in Armour
 22061 | Lair:6   | Found a staircase to the Slime Pits.
 22218 | Lair:6   | Reached skill level 10 in Spellcasting
 22665 | Lair:6   | Identified Sif Muna's Almanac of the Voyage and
                  | Transmutation
 22675 | Lair:6   | Got a transparent chain mail
 23719 | D:13     | Found a gate to the Vaults.
 23825 | D:13     | Found Tinn's Antique Weapon Emporium.
 24324 | D:13     | Reached skill level 20 in Earth Magic
 24457 | D:13     | Reached XP level 15. HP: 135/135 MP: 8/29
 24876 | D:14     | Reached skill level 1 in Evocations
 24963 | D:14     | Found a runed translucent door.
 24965 | D:14     | Found a runed translucent door.
 26513 | D:14     | Got a fine granite ring
 26530 | D:14     | Got a dazzling chain mail
 26545 | D:14     | Learned a level 6 spell: Iron Shot
 26601 | D:15     | Entered Level 15 of the Dungeon
 26621 | D:15     | Found Vitreatu's Jewellery Boutique.
 26710 | D:15     | Found a gate leading to a gauntlet.
 26719 | Gauntlet | Entered a Gauntlet
 26719 | Gauntlet | Found a transporter.
 26719 | Gauntlet | Found a transporter.
 26735 | Gauntlet | Found a transporter.
 26739 | Gauntlet | Found a transporter.
 26749 | Gauntlet | Found a transporter.
 26770 | Gauntlet | Found a transporter.
 26776 | Gauntlet | Found a transporter.
 26784 | Gauntlet | Found a transporter.
 26801 | Gauntlet | Found a transporter.
 26809 | Gauntlet | Found a transporter.
 26827 | Gauntlet | Found a transporter.
 26858 | Gauntlet | Found a transporter.
 26935 | Gauntlet | Got a pair of blackened boots
 26995 | Gauntlet | Got a pair of smoking boots
 28003 | D:15     | Found a staircase to the Depths.
 28200 | D:15     | Reached skill level 5 in Evocations
 28411 | Lair:1   | Identified the cursed +0 pair of boots "Neraheiw" {rPois
                  | Dex+6} (You found it in a Gauntlet)
 28411 | Lair:1   | Identified the ring of Coronation {Wiz Int+2 Slay+2} (You
                  | found it on level 14 of the Dungeon)
 28424 | Lair:1   | Identified the +0 pair of boots "Fallyu" {Str+3 Int+3 SInv
                  | Stlth-} (You found it in a Gauntlet)
 28628 | Orc:1    | Entered Level 1 of the Orcish Mines
 28850 | Orc:1    | Found a shimmering altar of Xom.
 29310 | Orc:1    | Noticed an orc warlord
 29318 | Orc:1    | Killed an orc warlord
 29323 | Orc:1    | Reached skill level 21 in Earth Magic
 29495 | Orc:1    | Noticed an orc warlord
 29527 | Orc:1    | Killed an orc warlord
 30040 | Orc:1    | Reached skill level 10 in Conjurations
 30672 | Orc:2    | Entered Level 2 of the Orcish Mines
 30821 | Orc:2    | Found Xeegh's Armour Emporium.
 30828 | Orc:2    | Reached XP level 16. HP: 146/146 MP: 31/31
 31038 | Orc:2    | Found a staircase to the Elven Halls.
 31158 | Orc:2    | Reached skill level 10 in Fighting
 31854 | Orc:2    | Found Pularud Jank's Food Boutique.
 31854 | Orc:2    | Found Ukaumotu's Weapon Emporium.
 31855 | Orc:2    | Found Zealirid's Weapon Emporium.
 31855 | Orc:2    | Found Uwem's Assorted Antiques.
 32294 | Orc:2    | Found a roughly hewn altar of Beogh.
 32574 | Snake:1  | Entered Level 1 of the Snake Pit
 32770 | Snake:1  | Found a transporter.
 33403 | Snake:1  | Found a radiant altar of Vehumet.
 33463 | Snake:1  | Found a transporter.
 34463 | Snake:1  | Reached skill level 22 in Earth Magic
 36404 | Snake:3  | Reached XP level 17. HP: 154/154 MP: 4/32
 37656 | Snake:4  | Entered Level 4 of the Snake Pit
 38429 | Snake:4  | Noticed Vashnia
 38434 | Snake:4  | Killed Vashnia
 39280 | Snake:4  | Reached skill level 23 in Earth Magic
 40569 | Snake:4  | Gained mutation: You passively map a large area around you.
                  | [Deep Dwarf growth]
 40569 | Snake:4  | Reached XP level 18. HP: 131/165 MP: 33/34
 40952 | Snake:4  | Got a serpentine rune of Zot
 41134 | Lair:1   | Gained mutation: You are covered in fur. (AC +1) [potion of
                  | mutation]
 41134 | Lair:1   | Gained mutation: You are resistant to hostile enchantments.
                  | (MR+) [potion of mutation]
 41134 | Lair:1   | Gained mutation: You possess an exceptional clarity of
                  | mind. [potion of mutation]
 41135 | Lair:1   | Lost mutation: You possess an exceptional clarity of mind.
                  | [potion of mutation]
 41135 | Lair:1   | Lost mutation: You are resistant to hostile enchantments.
                  | (MR+) [potion of mutation]
 41135 | Lair:1   | Lost mutation: You are covered in fur. (AC +1) [potion of
                  | mutation]
 41135 | Lair:1   | Gained mutation: You are resistant to electric shocks.
                  | (rElec) [potion of mutation]
 41135 | Lair:1   | Gained mutation: Your movements are slightly less
                  | encumbered by armour. (ER -2) [potion of mutation]
 41136 | Lair:1   | Lost mutation: You are resistant to electric shocks.
                  | (rElec) [potion of mutation]
 41136 | Lair:1   | Lost mutation: Your movements are slightly less encumbered
                  | by armour. (ER -2) [potion of mutation]
 41136 | Lair:1   | Gained mutation: You are clumsy. (Dex -2) [potion of
                  | mutation]
 41136 | Lair:1   | Gained mutation: You have sharp toenails. [potion of
                  | mutation]
 41137 | Lair:1   | Lost mutation: You are clumsy. (Dex -2) [potion of
                  | mutation]
 41137 | Lair:1   | Lost mutation: You have sharp toenails. [potion of
                  | mutation]
 41137 | Lair:1   | Gained mutation: Your spells are a little easier to cast,
                  | but a little less powerful. [potion of mutation]
 41137 | Lair:1   | Gained mutation: You possess an exceptional clarity of
                  | mind. [potion of mutation]
 41137 | Lair:1   | Gained mutation: You are partially covered in rugged brown
                  | scales. (AC +1, +3% HP) [potion of mutation]
 41138 | Lair:1   | Lost mutation: Your spells are a little easier to cast, but
                  | a little less powerful. [potion of mutation]
 41138 | Lair:1   | Lost mutation: You possess an exceptional clarity of mind.
                  | [potion of mutation]
 41138 | Lair:1   | Lost mutation: You are partially covered in rugged brown
                  | scales. (AC +1, +3% HP) [potion of mutation]
 41138 | Lair:1   | Gained mutation: You occasionally shout uncontrollably at
                  | your foes. [potion of mutation]
 41138 | Lair:1   | Gained mutation: Your system is resistant to poisons.
                  | (rPois) [potion of mutation]
 41142 | Lair:1   | Lost mutation: You occasionally shout uncontrollably at
                  | your foes. [potion of mutation]
 41142 | Lair:1   | Lost mutation: Your system is resistant to poisons. (rPois)
                  | [potion of mutation]
 41142 | Lair:1   | Gained mutation: You have sharp toenails. [potion of
                  | mutation]
 41142 | Lair:1   | Lost mutation: You have sharp toenails. [potion of
                  | mutation]
 41142 | Lair:1   | Gained mutation: Your muscles are strong. (Str +2) [potion
                  | of mutation]
 41142 | Lair:1   | Gained mutation: Your mind is acute. (Int +2) [potion of
                  | mutation]
 41217 | Vaults:1 | Entered Level 1 of the Vaults
 41295 | Vaults:1 | Found a runed translucent gate.
 41297 | Vaults:1 | Found a runed translucent gate.
 41297 | Vaults:1 | Found an opulent altar of Gozag.
 41297 | Vaults:1 | Noticed MirrMurr's ghost (adept OgBe)
 41300 | Vaults:1 | Found a runed translucent gate.
 43005 | Vaults:2 | Found a runed translucent door.
 43008 | Vaults:2 | Noticed Uler's ghost (veteran HuAr)
 43171 | Vaults:2 | Reached skill level 24 in Earth Magic
 43755 | Vaults:2 | Found Yfady's Armour Shop.
 43926 | Vaults:2 | Found Asuw's Weapon Shoppe.
 44788 | Vaults:3 | Found a staircase to the Crypt.
 44788 | Vaults:3 | Found an ancient bone altar of Kikubaaqudgha.
 44789 | Vaults:3 | Found a basalt altar of Yredelemnul.
 44879 | Vaults:3 | Found a gateway to a bazaar.
 44934 | Bazaar   | Entered a bazaar
 44953 | Bazaar   | Found Komipy's Antique Weapon Emporium.
 44999 | Bazaar   | Found Fucwouhoigg's Book Emporium.
 45037 | Bazaar   | Found Caavu's Food Boutique.
 45060 | Bazaar   | Bought a book of the Sky for 780 gold pieces
 45070 | Bazaar   | Learned a level 9 spell: Tornado
 45167 | Vaults:3 | Noticed Asterion
 45175 | Vaults:3 | Killed Asterion
 45195 | Vaults:3 | Reached skill level 1 in Air Magic
 45233 | Vaults:3 | Reached XP level 19. HP: 110/175 MP: 2/36
 45990 | Vaults:3 | Reached skill level 25 in Earth Magic
 46623 | Vaults:4 | Got a steaming plate armour
 47770 | Vaults:5 | Entered Level 5 of the Vaults
 47771 | Vaults:5 | Reached skill level 26 in Earth Magic
 47771 | Vaults:5 | Reached skill level 5 in Air Magic
 47772 | Vaults:5 | Reached XP level 20. HP: 183/183 MP: 36/37
 47962 | Vaults:5 | Noticed a golden dragon
 47968 | Vaults:4 | Killed from afar by a tengu reaver

Levels and vault maps discovered:
D:1:      ncdulo_watergridlock, layout_rooms, serial_curves, eino_curves_01,
          eino_curves_02
D:2:      layout_rooms
D:3:      layout_basic
D:4:      cheibrodos_fertilizer, layout_rooms, nicolae_underground_beach
D:5:      layout_rooms, okawaru_altar_gauntlet_db, first_ration, uniq_edmund,
          uniq_blork_the_orc, uniq_pikel, uniq_sigmund
D:6:      layout_rooms, ebering_ghost_reflecting_pool
D:7:      layout_basic, minmay_temple_entry_arrows, enter_bailey_2
D:8:      layout_basic, enter_ossuary_4
D:9:      layout_basic, orc_david_3, minmay_misc_feat_square
D:10:     layout_basic
D:11:     layout_cross, lair_entry_dummy, serial_shops, shop_coins,
          grunt_ogre_cave, minmay_misc_feat_four_crosses, lemuel_blue_sif_altar
D:12:     layout_irregular_city, kennysheep_generic_room_10
D:13:     layout_long_grid, erik_vaults_1, serial_shops,
          nicolae_shop_overgrown_old_shop, kennysheep_minor_cross,
          kennysheep_dice
D:14:     minmay_the_grid_triangle_9x9_line_8_mashed
          [minmay_the_grid_triangle_9x9_cache,
          minmay_the_grid_triangle_9x9_skeleton,
          minmay_the_grid_triangle_9x9_tough_junction,
          minmay_the_grid_triangle_9x9_minimal,
          minmay_the_grid_triangle_9x9_semitri,
          minmay_the_grid_triangle_9x9_wacky_v,
          minmay_the_grid_triangle_9x9_corrupted_corridor,
          minmay_the_grid_triangle_9x9_prize_insulated], layout_basic
D:15:     gammafunk_enter_depths_forms, layout_basic, gauntlet_entry_generic,
          serial_shops, shop
Temple:   nicolae_temple_the_god_donut
Lair:1:   layout_chaotic_city
Lair:2:   layout_gridlike, minmay_snake_entry_guardpost_medium,
          grunt_megastairs_5, minmay_lair_oklob_chamber, uniq_gastronok
Lair:3:   layout_roguey, minivault_29, lemuel_fruit_fields, grunt_megastairs_3,
          lemuel_fruit_fields
Lair:4:   layout_long_grid, nicolae_swamp_entry_splash_gauntlet, minivault_26,
          grunt_megastairs_1, uniq_snorg
Lair:5:   layout_loops_ring, roderic_carrion_pond
Lair:6:   grunt_lair_end_beastmaster, layout_regular_city, slime_dummy,
          nicolae_volcano_entry_hallway
Snake:1:  gammafunk_sealed_library, layout_chambers, st_stairs_4,
          minmay_snake_pond, serial_bayou_shore_a
Snake:2:  layout_chambers, serial_bayou_shore_b
Snake:3:  layout_grid_maze, grunt_ministairs_6, nicolae_large_snake_swirl
Snake:4:  grunt_snake_rune_pools, layout_concentric_octagons, uniq_vashnia
Orc:1:    layout_caves, basic_altar, special_room [special_room_orc],
          nicolae_orc_flooded_monolith
Orc:2:    st_orc_ogre_mass, layout_diamond_mine, serial_shops, shop_statue,
          basic_altar
Vaults:1: ebering_vaults_ghost_gozag, ontoclasm_vaults_ligature,
          vaults_room_stairs_pillars, ontoclasm_vaults_hangar,
          nicolae_vaults_back_hallway, st_cells, ontoclasm_vaults_fault,
          ontoclasm_vaults_shuriken, grunt_vaults_hallway_short,
          vaults_room_pools, nicolae_vaults_mini_display_case, vaults_mumra_lcd,
          v_misc_4, dpeg_vaults_monster_box, vaults_dpeg_ring,
          layout_vaults_omnicross
Vaults:2: gammafunk_vaults_ghost_grave, vaults_room_boxed,
          vaults_room_door_hall, vaults_standard_mumra_x, v_alt_pattern_2,
          nicolae_vaults_theta, nicolae_vaults_ring_of_whatevers,
          hangedman_vaults_maws, layout_vaults_omnigrid, serial_shops, shop,
          shop
Vaults:3: nicolae_vaults_circle_grid_b, st_eye, v_misc_17,
          nicolae_vaults_border_crossing, minmay_crypt_entry_necro_gods,
          vaults_room_corners, hangedman_vaults_nails, v_misc_26,
          nicolae_vaults_angled_halls, nicolae_vaults_little_squares_4,
          v_misc_30, v_misc_15, v_rooms_4, layout_vaults_maze_snakey,
          serial_shops, bzr_entry_customers, uniq_asterion
Vaults:4: ontoclasm_vaults_shout, nicolae_vaults_asterisk,
          ontoclasm_vaults_spin, vaults_mumra_minichess_inversion,
          hangedman_vaults_maws, vaults_room_grid, v_misc_11,
          nicolae_vaults_little_squares_3, layout_vaults_omnibox
Vaults:5
Bazaar:   bazaar_kenran_forest_clearing
Ossuary:  minmay_ossuary_gauntlet
Bailey:   bailey_axe_2, bailey
Volcano:  volcano_grotto [vgs_dualism]
Gauntlet: gammafunk_gauntlet_shortcut [gammafunk_gauntlet_arena_spirals,
          gammafunk_gauntlet_arena_open, gammafunk_gauntlet_arena_split_diamond,
          gammafunk_gauntlet_arena_mazey, nicolae_gauntlet_arena_grate_2,
          gammafunk_gauntlet_arena_crates, gauntlet_exit_green]

Skill      XL: |  1  2  3  4  5  6  7  8  9 10 11 12 13 14 15 16 17 18 19 20 |
---------------+-------------------------------------------------------------+-----
Spellcasting   | 2 3 4 5 6 7 9 10 11 12 13 14 | 14.1
Earth Magic    | 5 6 7 8 10 11 16 17 18 20 21 22 23 24 26 | 26.6
Armour         | 1 2 3 4 5 7 8 9 10 11 12 13 | 13.9
Fighting       | 1 2 3 4 5 6 7 8 9 10 11 12 | 12.2
Conjurations   | 1 2 3 5 6 7 8 9 10 11 12 | 12.0
Shields        | 4 |  4.3
Evocations     | 5 6 8 |  8.2
Air Magic      | 1 5 |  5.9
Dodging        | |  2.1
Stealth        | |  2.4
Transmutations | |  0.8

Action                   |  1- 3 |  4- 6 |  7- 9 | 10-12 | 13-15 | 16-18 | 19-21 || total
-------------------------+-------+-------+-------+-------+-------+-------+-------++-------
Melee: Unarmed           |     2 |       |       |       |       |       |       ||     2
       Club              |     6 |       |       |       |       |       |       ||     6
       Dagger            |       |    10 |     3 |    10 |    11 |       |       ||    34
       Staff             |       |       |       |       |     9 |    13 |     2 ||    24
 Fire: Blowgun           |       |       |       |       |     4 |       |       ||     4
Throw: Tomahawk          |       |       |       |     2 |       |       |       ||     2
 Cast: Sandblast         |    47 |    55 |   121 |    23 |   182 |     6 |       ||   434
       Stone Arrow       |     2 |     5 |   169 |   293 |   516 |    16 |       ||  1001
       Lee's Rapid Decon |       |       |     4 |    26 |   161 |   342 |    88 ||   621
       Iron Shot         |       |       |       |       |   115 |   327 |    43 ||   485
       Shatter           |       |       |       |       |       |     7 |    16 ||    23
Evoke: Wand              |    18 |     4 |     8 |       |     1 |       |       ||    31
       Staff of energy   |       |       |       |       |     2 |    40 |    12 ||    54
  Use: Scroll            |     5 |     8 |     9 |     6 |    29 |     2 |     6 ||    65
       Potion            |       |     2 |     6 |     1 |     2 |     9 |     4 ||    24
  Eat: Chunk             |     2 |     6 |    27 |    19 |    36 |    32 |     7 ||   129
       Ration            |       |       |     1 |     3 |     6 |     6 |     2 ||    18
Armor: Robe              |     8 |       |       |       |       |       |       ||     8
       Ring mail         |       |    10 |    30 |    63 |   253 |   133 |    18 ||   507
Dodge: Dodged            |    14 |    17 |    50 |    48 |   234 |   179 |    32 ||   574
Block: Other             |       |       |    13 |    12 |       |       |       ||    25
       Reflection        |       |       |     3 |     5 |       |       |       ||     8
       Buckler           |       |       |       |    18 |   102 |   157 |    20 ||   297

Table legend:
 A = Non-vault XP
 B = Vault XP
 C = Vault XP percentage of total XP
 D = Non-vault monster count
 E = Vault monster count
 F = Vault count percentage of total count
                 A         B        C        D         E       F
            +---------+---------+-------+---------+---------+-------
      Total |  219823 |  282067 |  56.2 |     831 |     551 |  39.9
            +---------+---------+-------+---------+---------+-------
        D:1 |      44 |       0 |   0.0 |      25 |       0 |   0.0
        D:2 |      61 |       0 |   0.0 |      25 |       0 |   0.0
        D:3 |     291 |       0 |   0.0 |      30 |       0 |   0.0
        D:4 |     436 |     145 |  25.0 |      13 |      16 |  55.2
        D:5 |     398 |    1147 |  74.2 |      20 |      10 |  33.3
        D:6 |    1092 |       0 |   0.0 |      29 |       0 |   0.0
        D:7 |     581 |       0 |   0.0 |      31 |       0 |   0.0
        D:8 |    1845 |       2 |   0.1 |      34 |       2 |   5.6
        D:9 |    1879 |     530 |  22.0 |      16 |       6 |  27.3
       D:10 |    1974 |     130 |   6.2 |      19 |       1 |   5.0
       D:11 |    2871 |     118 |   3.9 |      28 |       1 |   3.4
       D:12 |    5324 |       0 |   0.0 |      20 |       0 |   0.0
       D:13 |    8042 |    2314 |  22.3 |      31 |       5 |  13.9
       D:14 |    5926 |   11558 |  66.1 |      29 |      26 |  47.3
       D:15 |   12554 |    4090 |  24.6 |      40 |      11 |  21.6
     Lair:1 |    5139 |     317 |   5.8 |      16 |       2 |  11.1
     Lair:2 |    6105 |    5764 |  48.6 |      24 |      13 |  35.1
     Lair:3 |    2003 |    4655 |  69.9 |       9 |      40 |  81.6
     Lair:4 |    3275 |    2405 |  42.3 |      11 |       9 |  45.0
     Lair:5 |    5819 |     597 |   9.3 |      20 |       5 |  20.0
     Lair:6 |   13392 |    9427 |  41.3 |      46 |      18 |  28.1
    Snake:1 |   10207 |   14074 |  58.0 |      21 |      20 |  48.8
    Snake:2 |    8270 |       0 |   0.0 |      16 |       0 |   0.0
    Snake:3 |   20501 |    1420 |   6.5 |      42 |       2 |   4.5
    Snake:4 |   17612 |   47781 |  73.1 |      35 |      64 |  64.6
      Orc:1 |    6382 |    5180 |  44.8 |      39 |      24 |  38.1
      Orc:2 |    3639 |   19294 |  84.1 |      27 |      40 |  59.7
   Vaults:1 |   19670 |   14766 |  42.9 |      32 |      23 |  41.8
   Vaults:2 |    7444 |   12728 |  63.1 |      12 |      22 |  64.7
   Vaults:3 |    5283 |   43885 |  89.3 |      14 |      46 |  76.7
   Vaults:4 |   38443 |   28657 |  42.7 |      67 |      35 |  34.3
   Vaults:5 |    3321 |   41374 |  92.6 |      10 |      36 |  78.3
    Ossuary |       0 |     365 | 100.0 |       0 |      16 | 100.0
     Bailey |       0 |     851 | 100.0 |       0 |      34 | 100.0
    Volcano |       0 |    4802 | 100.0 |       0 |      20 | 100.0
   Gauntlet |       0 |    3691 | 100.0 |       0 |       4 | 100.0
            +---------+---------+-------+---------+---------+-------
